 Dungeon Crawl Stone Soup version 0.30-a0-354-g6b83867211 (webtiles) character file.

Game seed: 17736145521782153804

175 PimpSugar the Magician (level 5, 0/37 HPs)
             Began as a Demonspawn Hedge Wizard on Nov 7, 2022.
             Slain by an orc warrior
             ... wielding a +0 dire flail
              (13 damage)
             ... on level 4 of the Dungeon.
             The game lasted 00:12:30 (4453 turns).

PimpSugar the Magician (Demonspawn Hedge Wizard)    Turns: 4453, Time: 00:12:31

Health: 0/37       AC:  7    Str: 10    XL:     5   Next: 29%
Magic:  0/10       EV: 16    Int: 17    God:
Gold:   214        SH:  0    Dex: 13    Spells: 7/11 levels left

rFire   . . .      SeeInvis .    a - +0 dagger
rCold   . . .      Faith    .    (no shield)
rNeg    . . .      Spirit   +    b - +0 robe
rPois   .          Reflect  .    c - +0 hat
rElec   .          Harm     .    k - +0 cloak
rCorr   .          Rampage  .    (no gloves)
Will    .....                    (no boots)
Stlth   ++........               m - amulet of guardian spirit
HPRegen 0.26/turn                o - +4 ring of evasion
MPRegen 0.12/turn                q - +4 ring of protection

@: no status effects
A: antennae 1, ignite blood 1
a: no special abilities


You were on level 4 of the Dungeon.
You visited 1 branch of the dungeon, and saw 4 of its levels.

You collected 214 gold pieces.

Inventory:

Hand Weapons
 a - a +0 dagger (weapon)
Missiles
 e - 21 stones (quivered)
 n - 6 boomerangs
Armour
 b - a +0 robe (worn)
 c - a +0 hat (worn)
 k - a +0 cloak (worn)
Jewellery
 m - an amulet of guardian spirit (around neck)
 o - a +4 ring of evasion (left hand)
 q - a +4 ring of protection (right hand)
Wands
 f - a wand of roots (7)
Scrolls
 g - a scroll of blinking
 j - 2 scrolls of enchant weapon
 p - a scroll of fear
Potions
 d - a potion of magic
 i - 3 potions of attraction
 l - a potion of brilliance
 r - a potion of flight


   Skills:
 + Level 1.6 Fighting
 + Level 2.3 Dodging
 + Level 2.5 Stealth
 * Level 3.7 Spellcasting
 * Level 2.2 Conjurations
 + Level 1.8 Summonings
 + Level 1.6 Translocations


You had 7 spell levels left.
You knew the following spells:

 Your Spells              Type           Power      Damage    Failure   Level
a - Magic Dart            Conj           40%        1d5       6%          1
b - Call Imp              Summ           9%         N/A       12%         2
t - Apportation           Tloc           16%        N/A       9%          1

Your spell library contained the following spells:

 Spells                   Type           Power      Damage    Failure   Level
 Summon Small Mammal      Summ           36%        N/A       8%          1
 Blink                    Tloc           16%        N/A       12%         2
 Necrotise                Necr           12%        1d4       16%         1
 Slow                     Hex            12%        N/A       16%         1
 Cigotuvi's Dreadful Rot  Necr/Pois/Air  6%         N/A       24%         2
 Mephitic Cloud           Conj/Pois/Air  5%         N/A       34%         3
 Ignite Poison            Fire/Tmut/Pois 3%         N/A       43%         3
 Passage of Golubria      Tloc           8%         N/A       63%         4
 Sticky Flame             Conj/Fire      6%         2d3       71%         4
 Silence                  Hex/Air        1%         N/A       99%         5
 Ignition                 Fire           1%         3d3       100%        8
 Lehudib's Crystal Spear  Conj/Erth      3%         10d2      100%        8


Dungeon Overview and Level Annotations

Branches:
Dungeon (4/15)
 Temple: D:4-7

Altars:


Innate Abilities, Weirdness & Mutations

You have a pair of small antennae on your head.
Your demonic aura sometimes causes spilled blood to erupt in flames.


Message History

You closely miss the orc warrior.
The orc warrior is moderately wounded.
The orc warrior completely misses you.
You hit the orc warrior but do no damage.
You punch the orc warrior, but do no damage.
The orc warrior is moderately wounded.
Your shadow imp hits the orc.
The orc warrior hits you with a +0 dire flail!
* * * LOW HITPOINT WARNING * * *
The orc hits your shadow imp with a +0 club.
Unknown command.
The orc warrior attacks as you move away!
The orc warrior misses you.
Your shadow imp closely misses the orc.
The orc completely misses your shadow imp.
You hit the orc warrior but do no damage.
The orc warrior is moderately wounded.
The orc warrior barely misses you.
Your shadow imp gestures at the orc.
The orc writhes in agony!
The orc dies!
You hit the orc warrior but do no damage.
The orc warrior is moderately wounded.
The orc warrior closely misses you.
You completely miss the orc warrior.
The orc warrior is moderately wounded.
The orc warrior barely misses you.
You closely miss the orc warrior.
The orc warrior is moderately wounded.
Your shadow imp disappears in a puff of smoke!
The orc warrior closely misses you.
You hit the orc warrior but do no damage.
The orc warrior is moderately wounded.
The orc warrior misses you.
You closely miss the orc warrior.
The orc warrior is moderately wounded.
The orc warrior misses you.
You barely miss the orc warrior.
The orc warrior is moderately wounded.
The orc warrior hits you with a +0 dire flail!
You die...

### ..# #.# #.#
#@# #o# ##.##
##.).#####
..#.##........#
..........###.#
..#.#.##.####.####
# #. ###.....†.# .
#.##.##.#


You could see an orc warrior.

Vanquished Creatures
  5 adders
  2 worms (D:4)
  2 dart slugs (D:1)
  An orc (D:3)
  2 bats
  5 endoplasms
  3 giant cockroaches
  11 hobgoblins
  A jackal (D:3)
  A quokka (D:3)
  9 ball pythons
  3 frilled lizards
  10 goblins
  6 kobolds
  6 rats
67 creatures vanquished.

Vanquished Creatures (collateral kills)
  Robin (D:2)
  2 adders
  A dart slug (D:3)
  An orc (D:4)
  3 goblins (D:2)
  4 hobgoblins
  A jackal (D:3)
  A ball python (D:3)
14 creatures vanquished.

Vanquished Creatures (others)
  A fungus (D:1)
1 creature vanquished.

Grand Total: 82 creatures vanquished

Notes
Turn   | Place    | Note
-------+----------+-------------------------------------------
     0 | D:1      | PimpSugar the Demonspawn Hedge Wizard began the quest for
                  | the Orb.
     0 | D:1      | Reached XP level 1. HP: 13/13 MP: 4/4
   284 | D:1      | Reached skill level 1 in Translocations
   367 | D:1      | Gained mutation: You have a pair of small antennae on your
                  | head. [demonic ancestry]
   367 | D:1      | Reached XP level 2. HP: 16/20 MP: 4/6
   477 | D:1      | Learned a level 2 spell: Call Imp
  1400 | D:2      | Reached XP level 3. HP: 25/25 MP: 4/7
  1562 | D:2      | Reached skill level 1 in Fighting
  1727 | D:2      | Noticed Robin
  1870 | D:2      | Killed Robin
  1871 | D:2      | Reached XP level 4. HP: 11/32 MP: 1/9
  2107 | D:2      | Found a faded altar of an unknown god.
  3266 | D:3      | Gained mutation: Your demonic aura sometimes causes spilled
                  | blood to erupt in flames. [demonic ancestry]
  3266 | D:3      | Reached XP level 5. HP: 36/37 MP: 7/10
  4414 | D:4      | Learned a level 1 spell: Apportation
  4416 | D:4      | Noticed an orc warrior
  4453 | D:4      | Slain by an orc warrior

Illustrated notes

Levels and vault maps discovered:
D:1:      dpeg_cavernosity, layout_basic
D:2:      layout_basic, hellmonk_ecumenical_altar_inner_sanctum, uniq_robin
D:3:      layout_basic
D:4:      layout_loops_cross, gammafunk_ghost_smash, serial_shops, shop,
          nicolae_shop_crystal, nicolae_take_the_stairs, guppyfry_early_orc_mine

Skill      XL: |  1  2  3  4 |
---------------+-------------+-----
Translocations | 1 |  1.6
Stealth        | 2 |  2.5
Dodging        | 2 |  2.3
Fighting       | 1 |  1.6
Conjurations   | 2 |  2.2
Spellcasting   | |  3.7
Summonings     | |  1.8

Action                   |  1- 3 |  4- 6 || total
-------------------------+-------+-------++-------
Melee: Dagger            |    84 |    84 ||   168
       Punch             |     2 |     2 ||     4
 Cast: Magic Dart        |    73 |    88 ||   161
       Call Imp          |     5 |    10 ||    15
  Use: Scroll            |       |     7 ||     7
Armor: Robe              |    16 |    16 ||    32
Dodge: Dodged            |    50 |    65 ||   115

Table legend: (Time is in decaauts)
 A = Elapsed time spent in this place.
 B = Non-inter-level travel time spent in this place.
 C = Inter-level travel time spent in this place.
 D = Time resting spent in this place.
 E = Time spent auto-exploring this place.
 F = Levels seen in this place.
 G = Mean time per level.
                   A        B        C        D        E       F      G
               +--------+--------+--------+--------+--------+-----+--------+
         Total |   4451 |   4369 |     82 |    232 |   3288 |   4 | 1112.8 |
       Dungeon |   4451 |   4369 |     82 |    232 |   3288 |   4 | 1112.8 |
               +--------+--------+--------+--------+--------+-----+--------+

Top non-repeatable levels by time:
     D:2: 1586 daAuts
     D:1: 1397 daAuts
     D:3: 1282 daAuts
     D:4: 184 daAuts
